 Dungeon Crawl Stone Soup version 0.21-a0-522-ga8338f0 (webtiles) character file.

8093 tof the Spear-Bearer (level 11, -4/133 HPs)
             Began as a Barachi Berserker on Dec 5, 2017.
             Was an Elder of Trog.
             Slain by a manticore (10 damage)
             ... on level 11 of the Dungeon on Dec 6, 2017.
             The game lasted 00:37:47 (19148 turns).

tof the Spear-Bearer (Barachi Berserker)           Turns: 19148, Time: 00:37:48

Health: -4/133     AC: 17    Str: 24    XL:     11   Next: 25%
Magic:  11/11      EV: 15    Int: 10    God:    Trog [****..]
Gold:   106        SH:  0    Dex: 14    Spells: 10/10 levels left

rFire    . . .     SeeInvis .   a - +0 spear
rCold    x . .     Gourm    .   (no shield)
rNeg     + + +     Faith    .   e - +0 scale mail
rPois    +         Spirit   .   (no helmet)
rElec    .         Reflect  .   (no cloak)
rCorr    +         Harm     .   b - +2 pair of gloves
MR       +++..                  M - +2 pair of boots
Stlth    ..........             (no amulet)
HPRegen  1.32/turn              E - ring "Wabaqega" {rPois rN+}
MPRegen  0.12/turn              m - ring "Juede" {rCorr +Fly rC- rN+++ MR+}

@: berserking, barbed spikes, regenerating, quick
A: +LOS, swims, iridescent scales 1, camouflage 1, clever 1, slowness 1, strong
legs 1
a: Hop, Berserk, Trog's Hand, Brothers in Arms, Burn Spellbooks, Renounce
Religion, Evoke Flight


You were on level 11 of the Dungeon.
You worshipped Trog.
Trog was greatly pleased with you.
You were near starving.

You visited 2 branches of the dungeon, and saw 12 of its levels.
You also visited: Bailey.

You collected 739 gold pieces.
You spent 633 gold pieces at shops.

Inventory:

Hand Weapons
 a - a +0 spear (weapon)
Missiles
 j - 2 tomahawks
 w - 5 silver tomahawks
 C - 67 tomahawks of returning (quivered)
Armour
 b - a +2 pair of gloves (worn)
 e - a +0 scale mail (worn)
 M - a +2 pair of boots (worn)
Jewellery
 l - a cursed +2 ring of strength {unknown}
 m - the ring "Juede" (right hand) {rCorr +Fly rC- rN+++ MR+}
   (You bought it in a shop on level 4 of the Dungeon)

   [ring of resist corrosion]

   It makes you vulnerable to cold.
   It renders you almost immune to negative energy.
   It affects your resistance to hostile enchantments.
   It lets you fly.
 E - the ring "Wabaqega" (left hand) {rPois rN+}
   (You found it on level 6 of the Dungeon)

   [ring of positive energy]

   It protects you from poison.
   It protects you from negative energy.
Wands
 f - a wand of clouds (4)
 t - a wand of disintegration (11)
 x - a wand of flame (30)
 B - a wand of random effects (22)
 G - a wand of acid (13)
Scrolls
 i - 4 scrolls of enchant weapon
 k - a scroll of fear
 p - 5 scrolls of remove curse
 y - 8 scrolls of teleportation
 D - a scroll of magic mapping
 H - 2 scrolls of blinking
 L - a scroll of brand weapon {unknown}
 Q - a scroll of acquirement {unknown}
Potions
 g - 4 potions of curing
 n - a potion of lignification
 o - 5 potions of mutation {unknown}
 q - a potion of cancellation {unknown}
 r - a potion of brilliance
 u - a potion of invisibility {unknown}
 v - a potion of haste {unknown}
 z - 4 potions of heal wounds
 A - 2 potions of might
 F - a potion of resistance
 K - a potion of flight {unknown}
 O - 2 potions of magic {unknown}
 P - 2 potions of berserk rage {unknown}
Books
 I - a book of Cantrips

   Spells                             Type                      Level
   a - Confusing Touch                Hexes                        1
   b - Animate Skeleton               Necromancy                   1
   c - Summon Small Mammal            Summoning                    1
   d - Apportation                    Translocation                1
   Trog disapproves of the use of such an item.
 J - a book of Misfortune

   Spells                             Type                      Level
   a - Confusing Touch                Hexes                        1
   b - Confuse                        Hexes                        3
   c - Gell's Gravitas                Translocation                3
   d - Petrify                        Transmutation/Earth          4
   e - Metabolic Englaciation         Hexes/Ice                    5
   f - Yara's Violent Unravelling     Hexes/Transmutation          5
   Trog disapproves of the use of such an item.
Comestibles
 d - 6 fruits
 h - 7 meat rations
 s - 12 royal jellies


   Skills:
 + Level 9.5 Fighting
 * Level 10.7 Polearms
 + Level 5.0 Throwing
 + Level 9.0 Armour
 + Level 8.2 Dodging


You had 10 spell levels left.
You didn't know any spells.

Dungeon Overview and Level Annotations

Branches:
Dungeon (11/15)            Temple (0/1) D:7            Lair (1/6) D:11
    Orc: D:9-12

Altars:
Cheibriados
Dithmenos
Fedhas
Gozag
Nemelex Xobeh
The Shining One

Shops:
D:4 =*   D:7 :


Innate Abilities, Weirdness & Mutations

Shadows flee at your approach. (+LOS)
You can swim through water.
You cover ground slowly.
You can hop short distances.
You are partially covered in iridescent scales. (AC +2)
Your skin changes colour to match your surroundings (Stealth+).
Your mind is acute. (Int +2)


Message History

The manticore is heavily wounded.
The manticore bites you! The manticore claws you!
* * * LOW HITPOINT WARNING * * *
The manticore claws you but does no damage.
You barely miss the manticore.
The manticore is heavily wounded.
The manticore bites you!
* * * LOW HITPOINT WARNING * * *
The manticore closely misses you. The manticore claws you.
* * * LOW HITPOINT WARNING * * *
You eat one of the 7 fruits.
You are feeling hungry.
That eggfruit was delicious!
The manticore barely misses you. x2
The manticore claws you.
* * * LOW HITPOINT WARNING * * *
A red film seems to cover your vision as you go berserk!
You feel yourself moving faster!
You feel mighty!
You are near starving!
The manticore bites you!
You die...

#..# #..# #..# #..# #..#
*******########..#
,,,,,,,..........################
,,,,,,,..........................
,,,,,,,.........@................
*******######..H#################
#...# #...# ***##########...#
................#################
.................................
..................#####.#########
.[.............##.# #.#


You could see a manticore.

Vanquished Creatures
  A two-headed ogre (D:9)
  An orc knight (Bailey)
  A troll (D:10)
  4 hornets
  A hippogriff (D:8)
  Eustachio (D:4)
  A basilisk (D:11)
  A yak (D:10)
  An acid dragon (D:11)
  Duvessa (D:4)
  A black bear (D:9)
  5 ogres
  3 orc warriors
  3 ice beasts
  3 sky beasts
  3 phantoms
  A necrophage (D:7)
  4 centaurs
  3 crocodiles (D:11)
  3 big kobolds
  3 bullfrogs
  Dowan (D:4)
  A water moccasin skeleton (D:9)
  3 killer bees (D:10)
  3 howler monkeys
  5 crimson imps
  A bullfrog zombie (D:11)
  A jelly (D:6)
  6 orc priests
  5 hounds
  5 orc wizards
  3 bullfrog skeletons
  3 centaur skeletons
  9 iguanas
  6 worker ants
  2 hound skeletons
  10 adders
  13 gnolls (Bailey)
  2 shadow imps
  An ooze (D:5)
  2 worms
  2 dart slugs
  6 leopard geckos
  60 orcs
  14 bats
  7 giant cockroaches
  21 hobgoblins
  8 jackals
  27 kobolds
  5 quokkas
  A ball python (D:6)
  10 frilled lizards
  10 goblins
  A leopard gecko zombie (D:6)
  2 quokka skeletons (D:5)
  9 rats
310 creatures vanquished.

Vanquished Creatures (others)
  3 plants (D:11)
3 creatures vanquished.

Grand Total: 313 creatures vanquished

Notes
Turn   | Place    | Note
-------+----------+-------------------------------------------
     0 | D:1      | tof the Barachi Berserker began the quest for the Orb.
     0 | D:1      | Reached XP level 1. HP: 18/18 MP: 1/1
   148 | D:1      | Reached XP level 2. HP: 25/25 MP: 2/2
   564 | D:1      | Reached XP level 3. HP: 30/30 MP: 3/3
  1232 | D:2      | Reached ** piety under Trog
  1414 | D:2      | Reached XP level 4. HP: 29/37 MP: 4/4
  1625 | D:2      | Found a shadowy altar of Dithmenos.
  1734 | D:2      | Reached skill level 4 in Polearms
  1883 | D:3      | Found a blossoming altar of Fedhas.
  2295 | D:3      | Reached XP level 5. HP: 43/43 MP: 5/5
  2941 | D:3      | Reached *** piety under Trog
  3576 | D:4      | Noticed Duvessa
  3577 | D:4      | Noticed Dowan
  3595 | D:4      | Killed Duvessa
  3595 | D:4      | Reached XP level 6. HP: 50/50 MP: 6/6
  3600 | D:4      | Killed Dowan
  3600 | D:4      | Reached skill level 5 in Fighting
  3600 | D:4      | Reached skill level 5 in Polearms
  3935 | D:4      | Noticed Eustachio
  3965 | D:4      | Killed Eustachio
  3965 | D:4      | Reached XP level 7. HP: 56/56 MP: 7/7
  4061 | D:4      | Found Gozag's Platinum Reserve.
  4061 | D:4      | Found an opulent altar of Gozag.
  4479 | D:4      | Found Lodd's Jewellery Boutique.
  4890 | D:5      | Entered Level 5 of the Dungeon
  4925 | D:5      | Reached skill level 6 in Polearms
  4925 | D:5      | Reached skill level 5 in Armour
  5388 | D:4      | Reached XP level 8. HP: 42/64 MP: 8/8
  5528 | D:5      | Found a snail-covered altar of Cheibriados.
  5742 | D:5      | Reached skill level 5 in Dodging
  5816 | D:5      | Found a sparkling altar of Nemelex Xobeh.
  6912 | D:5      | Reached skill level 7 in Polearms
  7146 | D:6      | Found a glowing golden altar of the Shining One.
  7201 | D:6      | Got a flickering granite ring
  7222 | D:6      | Identified the ring "Wabaqega" {rPois rN+} (You found it on level 6 of the Dungeon)
  7862 | D:6      | Received a gift from Trog
  7862 | D:6      | Reached XP level 9. HP: 49/72 MP: 9/9
  8416 | D:7      | Upgraded the game from 0.21-a0-521-g1cd18d1 to 0.21-a0-522-ga8338f0
  8956 | D:7      | Reached skill level 8 in Polearms
  9144 | D:7      | Reached skill level 1 in Throwing
  9493 | D:7      | Found Keqengef's Book Shop.
 10636 | D:7      | Found a staircase to the Ecumenical Temple.
 10781 | D:8      | Noticed a hornet
 10807 | D:8      | Paralysed by a hornet for 1 turns
 10810 | D:8      | Killed a hornet
 11050 | D:8      | Reached skill level 9 in Polearms
 11050 | D:8      | Reached XP level 10. HP: 44/80 MP: 10/10
 11716 | D:8      | Reached **** piety under Trog
 12108 | D:9      | Noticed a two-headed ogre
 12346 | D:9      | Killed a two-headed ogre
 13447 | D:4      | Bought the ring "Juede" {rCorr +Fly rC- rN+++ MR+} for 633 gold pieces
 13927 | D:10     | Entered Level 10 of the Dungeon
 14570 | D:10     | Reached skill level 10 in Polearms
 16049 | D:11     | Noticed a manticore
 16395 | D:11     | Found a flagged portal.
 16401 | Bailey   | Entered a bailey
 16702 | Bailey   | Reached XP level 11. HP: 82/89 MP: 11/11
 16866 | Bailey   | Noticed an orc knight
 17168 | Bailey   | Killed an orc knight
 17806 | D:11     | HP: 2/89 [something (8)]
 18077 | D:11     | Noticed a death yak
 18079 | D:11     | Noticed a death yak
 18135 | D:11     | Noticed a death yak
 18639 | D:11     | Reached skill level 5 in Throwing
 18926 | D:11     | Found a staircase to the Lair.
 18946 | Lair:1   | Entered Level 1 of the Lair of Beasts
 18946 | Lair:1   | Noticed a six-headed hydra
 19069 | D:11     | Gained mutation: Your mind is acute. (Int +2) [mutagenic meat]
 19070 | D:11     | Gained mutation: Your skin changes colour to match your surroundings (Stealth+). [mutagenic meat]
 19071 | D:11     | Gained mutation: You are partially covered in iridescent scales. (AC +2) [mutagenic meat]
 19147 | D:11     | HP: 3/89 [manticore (6)]
 19148 | D:11     | Slain by a manticore

Vault maps used:
D:1:      dpeg_arrival_connections, minmay_misc_feat_cross
D:2:      lemuel_doored_altar
D:3:      fedhas_altar_1
D:4:      serial_shops, shop, first_bread, nicolae_gozag_zags_fifth_avenue,
          uniq_eustachio, uniq_duvessa
D:5:      grunt_temple_overflow_open
D:6:      tso_metal_star
D:7:      minmay_temple_entry_fiery, serial_shops, shop
D:10:     hangedman_pestilent_swarm, statue_in_the_mist_lemuel
D:11:     dpeg_lair_monsters, enter_bailey_3, minmay_lizard_king
Bailey:   bailey_axe_2, bailey

Skill      XL: |  1  2  3  4  5  6  7  8  9 10 11 |
---------------+----------------------------------+-----
Fighting       | 4 5 6 7 8 9 |  9.5
Armour         | 3 4 5 6 7 8 9 |  9.0
Polearms       | 4 5 6 7 9 10 | 10.7
Dodging        | 3 4 5 6 7 8 |  8.2
Throwing       | 2 4 5 |  5.0

Action                   |  1- 3 |  4- 6 |  7- 9 | 10-12 || total
-------------------------+-------+-------+-------+-------++-------
Melee: Spear             |   177 |   309 |   938 |   878 ||  2302
Throw: Tomahawk          |       |    29 |    34 |    50 ||   113
       Javelin           |       |       |    48 |     9 ||    57
Invok: Berserk           |       |     2 |     5 |     6 ||    13
       Trog's Hand       |       |     2 |     4 |     6 ||    12
 Abil: Hop               |     1 |       |       |     1 ||     2
  Use: Scroll            |       |       |    15 |     4 ||    19
       Potion            |       |       |       |     2 ||     2
  Eat: Chunk             |     2 |    10 |    19 |    21 ||    52
       Bread ration      |       |       |     3 |     4 ||     7
       Fruit             |       |       |       |     1 ||     1
Armor: Animal skin       |     4 |       |       |       ||     4
       Scale mail        |    86 |   122 |   390 |   280 ||   878
Dodge: Dodged            |   117 |   146 |   523 |   518 ||  1304

Table legend:
 A = Spawn XP
 B = Non-spawn XP
 C = Spawn XP percentage of total XP
 D = Spawn monster count
 E = Non-spawn monster count
 F = Spawn count percentage of total count
 G = Total turns spent on level
                    A         B        C        D         E        F      G
               +---------+---------+-------+---------+---------+-------+---------
         Total |       0 |   11562 |   0.0 |       0 |     310 |   0.0 | 19148
               +---------+---------+-------+---------+---------+-------+---------
           D:1 |       0 |      47 |   0.0 |       0 |      28 |   0.0 |  1036
           D:2 |       0 |      90 |   0.0 |       0 |      18 |   0.0 |   847
           D:3 |       0 |     137 |   0.0 |       0 |      44 |   0.0 |  1673
           D:4 |       0 |     888 |   0.0 |       0 |      13 |   0.0 |  1697
           D:5 |       0 |     513 |   0.0 |       0 |      22 |   0.0 |  1581
           D:6 |       0 |     950 |   0.0 |       0 |      33 |   0.0 |  2228
           D:7 |       0 |    1071 |   0.0 |       0 |      30 |   0.0 |  2013
           D:8 |       0 |    1489 |   0.0 |       0 |      23 |   0.0 |  1383
           D:9 |       0 |    1716 |   0.0 |       0 |      13 |   0.0 |  1469
          D:10 |       0 |    2009 |   0.0 |       0 |      26 |   0.0 |  3103
          D:11 |       0 |    1797 |   0.0 |       0 |      26 |   0.0 |   941
        Bailey |       0 |     855 |   0.0 |       0 |      34 |   0.0 |  1175
               +---------+---------+-------+---------+---------+-------+---------
